 Dungeon Crawl Stone Soup version 0.31-a0-1336-g7fd7ca34b5 (webtiles) character file.

Game seed: 16708294598229292296

47418 tsouns the Grappler (level 14, -1/149 HPs)
             Began as a Troll Fighter on Dec 21, 2023.
             Was a High Priest of Wu Jian.
             Slain by a white ugly thing (29 damage)
             ... on level 12 of the Dungeon.
             The game lasted 00:42:27 (16023 turns).

tsouns the Grappler (Troll Fighter)                Turns: 16023, Time: 00:42:28

Health: -1/149     AC:  8    Str: 36    XL:     14   Next: 8%
Magic:  13/13      EV: 11    Int:  4    God:    Wu Jian [*****.]
Gold:   1038       SH:  0    Dex:  9    Spells: 8/13 levels left

rFire   . .          .
                       - Unarmed
rCold   . . .        b - melded +0 kite shield
rNeg    + . .        C - melded +0 acid dragon scales
rPois   +            (helmet currently unavailable)
rElec   .            A - melded +3 cloak of Fenla {rN+}
rCorr   .            (gloves unavailable)
SInv    .            (boots unavailable)
Will    +....        (no amulet)
Stlth   +            L - ring of positive energy
HPRegen 1.24/turn    F - ring of flight
MPRegen 0.13/turn

%: no passive effects
@: snake-form, flying, slowed, very slow
A: constrict, large, unfitting armour, (claws 3), regeneration 1, (shaggy fur
1), (tough skin 1)
a: Begin Untransformation, Renounce Religion, Wall Jump, Serpent's Lash,
Heavenly Storm


You were on level 12 of the Dungeon.
You worshipped Wu Jian.
Wu Jian was extremely pleased with you.
You were an enormous serpent.
You visited 3 branches of the dungeon, and saw 18 of its levels.
You also visited: Ossuary.

You collected 1038 gold pieces.

Inventory:

Missiles
 T - a throwing net
Armour
 b - a +0 kite shield (melded)
 s - an orb of light
 A - the +3 cloak of Fenla (melded) {rN+}
   (You found it on level 8 of the Dungeon)

   rN+:       It protects you from negative energy.
 C - +0 acid dragon scales (melded)
 G - the +2 robe of the Loofah {rElec rC++ rN+++ Int-2}
   (You found it on level 2 of the Lair of Beasts)

   Int-2:     It affects your intelligence (-2).
   rC++:      It greatly protects you from cold.
   rElec:     It insulates you from electricity.
   rN+++:     It renders you almost immune to negative energy.
Jewellery
 E - a ring of ice
 F - a ring of flight (right hand)
 L - a ring of positive energy (left hand)
 P - a ring of fire
 R - a +6 ring of intelligence
 U - a +4 ring of protection
Talismans
 x - a serpent talisman (active)
 D - a beast talisman
Wands
 h - a wand of flame (19)
 m - a wand of polymorph (2)
 n - a wand of quicksilver (26)
 w - a wand of mindburst (6)
 y - a wand of iceblast (19)
 K - a wand of digging (7)
 M - a wand of paralysis (21)
Scrolls
 a - 9 scrolls of identify
 g - 3 scrolls of noise
 i - 4 scrolls of vulnerability
 j - a scroll of amnesia
 l - a scroll of fog
 p - 4 scrolls of revelation
 B - a scroll of poison
 H - a scroll of enchant weapon
 J - a scroll of brand weapon
 N - a scroll of enchant armour
 O - a scroll of summoning
 Q - a scroll of silence {unknown}
 S - a scroll of fear
Potions
 c - 5 potions of might
 d - 3 potions of resistance
 e - 5 potions of mutation
 f - 6 potions of curing
 k - 3 potions of degeneration
 o - a potion of brilliance {unknown}
 q - a potion of ambrosia {unknown}
 r - a potion of attraction
 t - a potion of enlightenment
 u - 3 potions of cancellation
 v - a potion of magic
 z - 2 potions of lignification
 I - 3 potions of haste


   Skills:
 + Level 9.7 Fighting
 - Level 7.1 Dodging
 + Level 10.6 Shields
 + Level 14.2 Unarmed Combat
 + Level 3.9 Evocations
 + Level 8.8 Shapeshifting


You had 8 spell levels left.
You knew the following spells:

 Your Spells              Type           Power      Damage    Failure   Level
a - Summon Small Mammal   Summ           0%         N/A       50%         1
b - Ensorcelled Hibernat  Hex/Ice        0%         N/A       65%         2
c - Passwall              Alch/Erth      0%         N/A       65%         2

Your spell library contained the following spells:

 Spells                   Type           Power      Damage    Failure   Level
 Call Canine Familiar     Summ           0%         N/A       86%         3
 Ozocubu's Armour         Ice            0%         N/A       86%         3
 Summon Guardian Golem    Hex/Summ       0%         N/A       86%         3
 Swiftness                Air            0%         N/A       86%         3
 Animate Armour           Summ/Erth      0%         N/A       99%         4
 Animate Dead             Necr           0%         N/A       99%         4
 Summon Ice Beast         Ice/Summ       0%         N/A       99%         4
 Summon Lightning Spire   Summ/Air       0%         N/A       99%         4
 Lee's Rapid Deconstruct  Erth           0%         3d4*      100%        5
 Metabolic Englaciation   Hex/Ice        0%         N/A       100%        5
 Summon Mana Viper        Hex/Summ       0%         N/A       100%        5
 Simulacrum               Ice/Necr       0%         N/A       100%        6
 Haunt                    Necr/Summ      0%         N/A       100%        7
 Monstrous Menagerie      Summ           0%         N/A       100%        7
 Infestation              Necr           0%         N/A       100%        8


Dungeon Overview and Level Annotations

Branches:
Dungeon (12/15)            Temple (1/1) D:4            Lair (5/5) D:9
 Shoals (0/4) Lair:2       Spider (0/4) Lair:3        Slime (0/5) Lair:5
Ossuary (visited)
    Orc: D:9-12

Altars:
Ashenzari
Cheibriados
Dithmenos
Elyvilon
Fedhas
Gozag
Hepliaklqana
Kikubaaqudgha
Makhleb
Nemelex Xobeh
Okawaru
Qazlal
Ru
Sif Muna
Trog
Uskayaw
Vehumet
Wu Jian
Xom
Yredelemnul
Zin
The Shining One
Jiyva


Innate Abilities, Weirdness & Mutations

You are an enormous serpent.
You have a powerful constriction melee attack.
Your armour is entirely melded.
You are incapable of wielding weapons or throwing items.
You are too large for most types of armour.
((You have claws for hands.))
Your natural rate of healing is unusually fast.
((You are covered in fur. (AC +1)))
((You have tough skin. (AC +1)))


Message History

The white ugly thing gores you. The white ugly thing freezes you!!
You feel as though you will be slow longer.
You are too injured to fight recklessly!
You are too injured to fight recklessly!
You are too injured to fight recklessly!
You are too injured to fight recklessly!
You are too injured to fight recklessly!
You are too injured to fight recklessly!
You are too injured to fight recklessly!
You are too injured to fight recklessly!
You are too injured to fight recklessly!
You are too injured to fight recklessly!
You are too injured to fight recklessly!
You are too injured to fight recklessly!
You are too injured to fight recklessly!
You are too injured to fight recklessly!
You are too injured to fight recklessly!
You are too injured to fight recklessly!
You lash the white ugly thing! Your grab misses the white ugly thing.
The white ugly thing is lightly wounded.
The white ugly thing gores you. The white ugly thing freezes you!
You feel as though you will be slow longer.
You barely miss the white ugly thing. You grab the white ugly thing.
The white ugly thing is lightly wounded.
You constrict the white ugly thing.
The white ugly thing gores you but does no damage.
The white ugly thing gores you! The white ugly thing freezes you!!
You feel as though you will be slow longer.
* * * LOW HITPOINT WARNING * * *
You body-slam the white ugly thing!!
The white ugly thing is severely wounded.
You constrict the white ugly thing. The wraith hits you.
* * * LOW HITPOINT WARNING * * *
The wraith drains your vigour!
You feel as though you will be slow longer.
The white ugly thing gores you!
* * * LOW HITPOINT WARNING * * *
The white ugly thing freezes you!!
You feel as though you will be slow longer.
You die...

##...#
#...########
#...###...#.......
#....##...........
##..........######
#..........#
##.........#
#..........#
##..#.......#
#.S####......#
#.uW# ###....#
#..## ###... ...#
##.# #. #.


You could see a white ugly thing and a wraith.

Vanquished Creatures
  Kirke (Lair:5)
  Fannar (D:9)
  3 hydras
  3 catoblepae (Lair:5)
  2 two-headed ogres
  12 death yaks
  3 skysharks
  Amaemon (Lair:1)
  An ugly thing (D:9)
  2 manticores (Lair:5)
  6 elephants (Lair:5)
  3 black mambas
  5 cane toads
  A smoke demon (D:11)
  A gargoyle (D:11)
  10 komodo dragons
  An orange demon (Lair:1)
  A rime drake (Lair:1)
  3 kobold demonologists (D:11)
  An ice devil (D:11)
  3 burning bushes (Lair:1)
  A troll (D:10)
  Prince Ribbit (Lair:1)
  A tarantella (Lair:3)
  2 hornets
  4 dream sheep (Lair:4)
  3 blink frogs (Lair:1)
  A snapping turtle (Lair:2)
  A culicivora (Lair:3)
  3 shadows (D:10)
  A vampire (D:10)
  5 wyverns
  42 yaks
  A water elemental (Lair:2)
  3 wraiths
  4 basilisks
  3 vampire mosquitoes (D:11)
  4 steam dragons
  2 acid dragons
  13 water moccasins
  A swamp drake (D:9)
  2 ice beasts
  A sky beast (D:5)
  4 black bears
  4 orc warriors
  29 wolves
  3 centaurs
  3 ogres
  2 phantoms
  A kobold brigand (D:11)
  11 bullfrogs
  A gnoll sergeant (D:11)
  4 scorpions
  A water moccasin zombie (Ossuary)
  10 wights
  3 killer bees (D:8)
  4 howler monkeys
  An electric eel (D:11)
  A crimson imp (D:11)
  A bullfrog zombie (Ossuary)
  3 centaur zombies (Ossuary)
  7 orc priests
  2 hounds (D:6)
  2 quasits (D:11)
  Crazy Yiuf (D:3)
  A gnoll bouda (D:7)
  2 jellies
  4 iguanas
  An iron imp (D:11)
  16 orc wizards
  6 hell rats (Lair:1)
  An ogre zombie (Ossuary)
  11 gnolls
  4 adders
  2 shadow imps (D:7)
  A bombardier beetle (D:6)
  A white imp (D:5)
  2 ufetubi (D:6)
  4 adder zombies (Ossuary)
  2 worms
  3 dart slugs
  42 orcs
  A ball python (D:2)
  7 endoplasms
  A giant cockroach (D:1)
  4 gnoll zombies (Ossuary)
  A goblin (D:3)
  8 hobgoblins
  2 jackals (D:1)
  9 kobolds
  5 quokkas
  7 bats
  2 frilled lizards (D:1)
  5 goblin zombies (Ossuary)
  4 hobgoblin zombies (Ossuary)
  6 orc zombies (Ossuary)
  2 rats (D:1)
428 creatures vanquished.

Vanquished Creatures (others)
  4 humans (Lair:5)
4 creatures vanquished.

Grand Total: 432 creatures vanquished

Notes
Turn   | Place    | Note
-------+----------+-------------------------------------------
     0 | D:1      | tsouns the Troll Fighter began the quest for the Orb.
     0 | D:1      | Reached XP level 1. HP: 22/22 MP: 0/0
   138 | D:1      | Reached XP level 2. HP: 29/29 MP: 1/1
   224 | D:1      | Reached skill level 3 in Unarmed Combat
   591 | D:2      | Reached XP level 3. HP: 36/36 MP: 2/2
   607 | D:2      | Reached skill level 4 in Unarmed Combat
  1318 | D:3      | Reached XP level 4. HP: 37/44 MP: 3/3
  1322 | D:3      | Found the +1 Delatra's gloves {ID++}
  1428 | D:3      | Reached skill level 5 in Unarmed Combat
  1661 | D:3      | Found a runed translucent door.
  1662 | D:3      | Noticed Crazy Yiuf
  1668 | D:3      | Killed Crazy Yiuf
  1669 | D:3      | Reached XP level 5. HP: 38/50 MP: 4/4
  1955 | D:3      | Found a shimmering blue altar of Sif Muna.
  2139 | D:4      | Noticed an ogre
  2151 | D:4      | Killed an ogre
  2152 | D:4      | Reached skill level 6 in Unarmed Combat
  2152 | D:4      | Reached XP level 6. HP: 5/59 MP: 5/5
  2428 | D:4      | Found a bloodstained altar of Trog.
  2438 | D:4      | Found a staircase to the Ecumenical Temple.
  2473 | Temple   | Entered the Ecumenical Temple
  2478 | Temple   | Became a worshipper of the Wu Jian Council
  2980 | D:5      | Entered Level 5 of the Dungeon
  3018 | D:5      | Reached skill level 7 in Unarmed Combat
  3132 | D:5      | Reached XP level 7. HP: 51/66 MP: 6/6
  3161 | D:5      | Reached skill level 8 in Unarmed Combat
  3308 | D:5      | Reached skill level 9 in Unarmed Combat
  3457 | D:5      | Reached XP level 8. HP: 23/74 MP: 7/7
  3718 | D:6      | Reached * piety under Wu Jian
  4209 | D:6      | Reached skill level 10 in Unarmed Combat
  4266 | D:6      | Reached XP level 9. HP: 78/84 MP: 8/8
  4340 | D:6      | Found a white marble altar of Elyvilon.
  4796 | D:7      | Reached ** piety under Wu Jian
  4830 | D:7      | Reached skill level 5 in Shields
  5269 | D:8      | Found a sand-covered staircase.
  5303 | Ossuary  | Entered an ossuary
  5381 | Ossuary  | Reached *** piety under Wu Jian
  5407 | Ossuary  | Reached skill level 5 in Fighting
  5407 | Ossuary  | Reached skill level 5 in Dodging
  5437 | Ossuary  | Noticed a silent spectre
  5928 | D:8      | Reached XP level 10. HP: 88/96 MP: 9/9
  5973 | D:8      | Identified the +3 cloak of Fenla {rN+}
  6346 | D:9      | Noticed a green ugly thing
  6355 | D:8      | Reached skill level 1 in Shapeshifting
  6434 | D:9      | Reached skill level 11 in Unarmed Combat
  6610 | D:9      | Killed a green ugly thing
  7499 | D:9      | Found a staircase to the Lair.
  7998 | Lair:1   | Entered Level 1 of the Lair of Beasts
  7998 | Lair:1   | Noticed a cane toad
  7999 | Lair:1   | Noticed Fannar
  8017 | D:9      | Killed a cane toad
  8114 | D:9      | Killed Fannar
  8115 | D:9      | Reached XP level 11. HP: 95/105 MP: 10/10
  8126 | Lair:1   | Reached **** piety under Wu Jian
  8267 | Lair:1   | Noticed Prince Ribbit
  8282 | Lair:1   | Killed Prince Ribbit
  8371 | Lair:1   | Noticed Amaemon
  8528 | Lair:1   | Killed Amaemon
  9043 | Lair:2   | Reached skill level 12 in Unarmed Combat
  9125 | Lair:2   | Identified the +2 robe of the Loofah {rElec rC++ rN+++
                  | Int-2}
  9376 | Lair:2   | Reached skill level 5 in Shapeshifting
  9751 | Lair:2   | Found a staircase to the Shoals.
  9992 | Lair:3   | Found a hole to the Spider Nest.
 10160 | Lair:3   | Noticed a five-headed hydra
 10171 | Lair:3   | Killed a ten-headed hydra
 10644 | Lair:3   | Reached XP level 12. HP: 101/118 MP: 11/11
 10977 | Lair:4   | Noticed a death yak
 10978 | Lair:4   | Noticed a death yak
 10982 | Lair:4   | Noticed a death yak
 10983 | Lair:4   | Noticed a death yak
 10983 | Lair:4   | Noticed a death yak
 10983 | Lair:4   | Noticed a death yak
 10989 | Lair:4   | Killed a death yak
 11013 | Lair:3   | Killed a death yak
 11931 | Lair:4   | Killed a death yak
 11941 | Lair:4   | Killed a death yak
 11942 | Lair:4   | Reached skill level 13 in Unarmed Combat
 11947 | Lair:4   | Killed a death yak
 11951 | Lair:4   | Killed a death yak
 12202 | Lair:5   | Entered Level 5 of the Lair of Beasts
 12358 | Lair:5   | Noticed an eight-headed hydra
 12364 | Lair:5   | Killed an eight-headed hydra
 12633 | Lair:5   | Reached XP level 13. HP: 26/128 MP: 12/12
 12749 | Lair:5   | Reached skill level 1 in Evocations
 12974 | Lair:5   | Noticed Kirke
 12983 | Lair:5   | Killed Kirke
 13168 | Lair:5   | Reached ***** piety under Wu Jian
 13201 | Lair:5   | Found a viscous altar of Jiyva.
 13202 | Lair:5   | Found a staircase to the Slime Pits.
 13306 | Lair:5   | Reached skill level 10 in Shields
 13635 | Lair:5   | HP: 4/126 [death yak (15)]
 14017 | Lair:5   | Reached skill level 14 in Unarmed Combat
 14157 | Lair:5   | Learned a level 1 spell: Summon Small Mammal
 14160 | Lair:5   | Learned a level 2 spell: Ensorcelled Hibernation
 14163 | Lair:5   | Learned a level 2 spell: Passwall
 14537 | D:10     | Entered Level 10 of the Dungeon
 15457 | D:11     | Reached XP level 14. HP: 136/141 MP: 13/13
 15929 | D:11     | Identified the +9 long sword "Yqadys" {flame, rElec rF-
                  | Int+2}
 16023 | D:12     | Slain by a white ugly thing

Illustrated notes

Levels and vault maps discovered:
D:1:      mushboom_english_gardens, layout_loops_ring
D:2:      layout_basic, minivault_5
D:3:      layout_loops_ring, hellmonk_sif_muna_bookshelves,
          pf_guarded_unrand_delatra, uniq_crazy_yiuf_cottage
D:4:      layout_basic, trog_three_pillars_becter,
          minmay_temple_entry_stoned_glass, grunt_decor_mini_mirrors
D:5:      layout_gridville
D:6:      layout_cave_pods, elyvilon_altar_1, chequers_serial_rivers_small_3,
          nicolae_fountain_basement
D:7:      layout_cave_pools, serial_park_tiny_pond
D:8:      layout_loops_corners, enter_ossuary_2, chequers_garden
D:9:      layout_layer_cave, erik_lair_dragon
D:10:     layout_roguey, amcnicky_mini_pool_small, st_stairs_14,
          lemuel_flamethrower_hall
D:11:     layout_basic, nicolae_demonic_statue_gallery
D:12:     layout_layer_cave, erik_orc_1
Temple:   compressed_dpeg_triangle_lava_temple
Lair:1:   layout_hall_layers, evilmike_ambush [evilmike_ambush_outer_pillars,
          evilmike_ambush_inner_basic], uniq_amaemon, uniq_prince_ribbit2,
          uniq_fannar
Lair:2:   layout_regular_city, minmay_shoals_entry_hut, st_stairs_9,
          lemuel_fruit_tree, grunt_megastairs_3
Lair:3:   layout_roguey, spider_nest_entry_rubble
Lair:4:   layout_cave_pods
Lair:5:   evilmike_catoblepas_cave, layout_cave_pods, slime_entry_1,
          grunt_megastairs_5, uniq_kirke

Skill      XL: |  1  2  3  4  5  6  7  8  9 10 11 12 13 |
---------------+----------------------------------------+-----
Unarmed Combat | 3 4 5 6 7 9 10 11 12 13 14 | 14.2
Shields        | 4 5 6 8 9 10 | 10.6
Fighting       | 3 5 6 7 8 9 |  9.7
Dodging        | 3 5 6 7 |  7.1
Shapeshifting  | 3 5 7 8 |  8.8
Evocations     | 3 |  3.9

Action                     |  1- 3 |  4- 6 |  7- 9 | 10-12 | 13-15 || total
---------------------------+-------+-------+-------+-------+-------++-------
  Melee: Unarmed           |    79 |    61 |   304 |   580 |   341 ||  1365
         Constrict         |       |       |       |       |    46 ||    46
 Invoke: Serpent's Lash    |       |       |       |     5 |     2 ||     7
Ability: Lunge             |       |     3 |    25 |    14 |    22 ||    64
         Whirlwind         |       |       |    10 |    34 |     7 ||    51
         Wall Jump         |       |       |       |     2 |       ||     2
  Evoke: Wand              |       |       |       |    13 |     4 ||    17
    Use: Scroll            |       |     3 |    15 |     3 |     2 ||    23
         Potion            |       |       |     7 |    10 |     1 ||    18
   Stab: Sleeping          |       |     1 |       |       |       ||     1
         Confused          |       |       |       |     1 |       ||     1
         Invisible         |       |       |       |     2 |       ||     2
         Petrified         |       |       |       |       |     6 ||     6
 Armour: Robe              |    46 |     8 |   121 |    34 |       ||   209
         Skin              |       |    17 |    40 |       |   128 ||   185
         Acid dragon scale |       |       |       |   436 |    90 ||   526
  Dodge: Dodged            |    30 |    11 |    59 |   198 |    91 ||   389
  Block: Kite shield       |    18 |    11 |   102 |   294 |    53 ||   478
   Form: Serpent           |       |       |       |     1 |     1 ||     2
                           |       |       |       |     1 |       ||     1

Table legend: (Time is in decaauts)
 A = Elapsed time spent in this place.
 B = Non-inter-level travel time spent in this place.
 C = Inter-level travel time spent in this place.
 D = Time resting spent in this place.
 E = Time spent auto-exploring this place.
 F = Levels seen in this place.
 G = Mean time per level.
                   A        B        C        D        E       F      G
               +--------+--------+--------+--------+--------+-----+--------+
         Total |  15888 |  15157 |    731 |    262 |  11629 |  19 |  836.2 |
       Dungeon |   9424 |   8896 |    528 |    100 |   6912 |  12 |  785.3 |
        Temple |     10 |      7 |      3 |      0 |      0 |   1 |   10.0 |
          Lair |   6282 |   6083 |    199 |    162 |   4677 |   5 | 1256.4 |
       Ossuary |    170 |    170 |      0 |      0 |     40 |   1 |  170.0 |
               +--------+--------+--------+--------+--------+-----+--------+

Top non-repeatable levels by time:
  Lair:5: 2075 daAuts
     D:9: 1707 daAuts
  Lair:4: 1325 daAuts
     D:6: 1045 daAuts
     D:8: 1032 daAuts
  Lair:3: 1014 daAuts
  Lair:2: 1006 daAuts
     D:4: 960 daAuts
  Lair:1: 861 daAuts
    D:11: 799 daAuts
     D:3: 793 daAuts
     D:7: 654 daAuts
     D:2: 630 daAuts
    D:10: 628 daAuts
     D:1: 589 daAuts
